[Event "Titled Tuesday Blitz January 31 Early 2023"]
[White "Toncheva, Nadya"]
[Black "Mangialardo, Tiago Carvalho"]
[WhiteFideId "2924056"]
[BlackFideId "2130718"]
[WhiteElo "2295"]
[BlackElo "1965"]
[Result "1-0"]
[Round "06"]
[TimeControl "180+2"]
[Date "2023.01.31"]
[WhiteClock "0:01:36"]
[BlackClock "0:00:14"]

1. e4 e5 2. Nf3 Nc6 3. Bb5 a6 4. Ba4 Nf6 5. O-O Be7 6. Re1 d6 7. d4 exd4 8. Nxd4 Bd7 9. Nc3 O-O 10. Bxc6 bxc6 11. Bf4 Re8 12. Qd2 Nh5 13. Be3 Nf6 14. Rad1 Qb8 15. b3 c5 16. Nf3 Qb4 17. e5 Ng4 18. Nd5 Qxd2 19. Bxd2 Rac8 20. exd6 Bxd6 21. Bc3 Bc6 22. Rxe8+ Rxe8 23. h3 Nh6 24. Ba5 Rc8 25. Bxc7 Bxc7 26. Ne7+ Kf8 27. Nxc8 Nf5 28. Na7 Bb7 29. Rd7 Bxf3 30. Rxc7 1-0


[Site "https://www.chess.com"]

[Event "Titled Tuesday Blitz January 31 Early 2023"]
[White "Lopez Idarraga, Daniel Eduardo"]
[Black "Lehtosaari, Mauri"]
[WhiteFideId "4405501"]
[BlackFideId "501999"]
[WhiteElo "2009"]
[BlackElo "2176"]
[Result "1/2-1/2"]
[Round "06"]
[TimeControl "180+2"]
[Date "2023.01.31"]
[WhiteClock "0:01:04"]
[BlackClock "0:00:15"]

1. Nf3 d5 2. b3 Nf6 3. Bb2 Bf5 4. d3 e6 5. Nbd2 Be7 6. e4 dxe4 7. Nh4 Bg4 8. f3 exf3 9. Nhxf3 O-O 10. Be2 c5 11. h3 Bxf3 12. Bxf3 Nc6 13. Bxc6 bxc6 14. Qf3 Qd5 15. Ne4 Nxe4 16. dxe4 Qg5 17. O-O Rad8 18. Rad1 c4 19. Rxd8 Bxd8 20. e5 Bb6+ 21. Kh1 cxb3 22. axb3 Qd2 23. Qxc6 h6 24. Ba3 Rd8 25. Bd6 Qe2 26. Qf3 Qxf3 27. Rxf3 f5 28. c4 Bd4 29. c5 a5 30. c6 Rc8 31. Rd3 Bb6 32. Rc3 Kf7 33. h4 g5 34. hxg5 hxg5 35. Rh3 Kg6 36. c7 Bxc7 37. Rc3 Rh8+ 38. Kg1 Bxd6 39. exd6 Rd8 40. Rc6 Kf6 41. Ra6 e5 42. d7+ Kf7 43. Rxa5 Ke6 44. Kf2 Rxd7 45. Ke3 Rb7 46. Ra6+ Kf7 47. Ra3 g4 48. g3 Kf6 49. Kd3 f4 50. gxf4 exf4 51. Ke4 Rb4+ 52. Kd3 g3 53. Ke2 Rd4 54. Kf3 Rd3+ 55. Kxf4 g2 56. Ra6+ Ke7 57. Ra7+ Kf6 58. Ra6+ Kf7 59. Ra7+ Kf6 60. Ra6+ 1/2-1/2


[Site "https://www.chess.com"]

[Event "Titled Tuesday Blitz January 31 Early 2023"]
[White "Shuvalov, Evgenij"]
[Black "Manon-og, Ramon Jr."]
[WhiteFideId "4187237"]
[BlackFideId "5200776"]
[WhiteElo "2038"]
[BlackElo "1999"]
[Result "0-1"]
[Round "06"]
[TimeControl "180+2"]
[Date "2023.01.31"]
[WhiteClock "0:00:01"]
[BlackClock "0:00:04"]

1. d4 Nf6 2. c4 g6 3. Nc3 d5 4. Qb3 dxc4 5. Qxc4 Bg7 6. e4 a6 7. Bf4 c6 8. Nf3 O-O 9. Be2 Be6 10. Qb4 b5 11. e5 a5 12. Qa3 Nh5 13. Bg5 b4 14. Qa4 bxc3 15. bxc3 h6 16. Bd2 Qc8 17. h3 Bh8 18. Bxh6 Ng7 19. O-O-O Nd7 20. g4 Nb6 21. Qc2 Rb8 22. Kd2 Nc4+ 23. Ke1 Rb2 24. Qa4 Bd5 25. Rg1 Rxe2+ 26. Kxe2 Nb2 27. Qc2 Nxd1 28. Rxd1 Qa6+ 29. Ke3 Rb8 30. Nd2 Ne6 31. c4 Bg2 32. Rg1 Bxh3 33. Rg3 Rd8 34. Rxh3 Nxd4 35. Qe4 Qb6 36. Kf4 Ne6+ 37. Kg3 Qc5 38. Be3 Qa3 39. Kg2 Qxa2 40. Rh1 Rxd2 41. Bxd2 Qxd2 42. Qxc6 Bxe5 43. Qe4 Nf4+ 44. Kf3 Qc3+ 45. Qe3 Qb2 46. c5 Kg7 47. c6 Ne6 48. Re1 Bd4 0-1


[Site "https://www.chess.com"]

[Event "Titled Tuesday Blitz January 31 Early 2023"]
[White "Mohammed, Zozek Salah Mohammed"]
[Black "Pace, Christopher"]
[WhiteFideId "4803361"]
[BlackFideId "2610167"]
[WhiteElo "2210"]
[BlackElo "2053"]
[Result "1/2-1/2"]
[Round "06"]
[TimeControl "180+2"]
[Date "2023.01.31"]
[WhiteClock "0:01:04"]
[BlackClock "0:00:34"]

1. d4 Nf6 2. Nf3 g6 3. c4 Bg7 4. Nc3 d6 5. g3 O-O 6. Bg2 Nc6 7. O-O e5 8. dxe5 dxe5 9. Bg5 Qxd1 10. Rfxd1 h6 11. Bxf6 Bxf6 12. Nd5 Bd8 13. b4 Re8 14. b5 Na5 15. Nd2 c6 16. Nb4 Be7 17. a3 Bd7 18. Rab1 cxb5 19. Nd5 Rac8 20. Nxe7+ Rxe7 21. cxb5 b6 22. a4 Bf5 23. e4 Bg4 24. f3 Be6 25. Bf1 Rc3 26. Kf2 Rd7 27. Be2 Rc2 28. Ke3 Rc3+ 29. Kf2 Rc2 30. Ke3 Rc3+ 31. Kf2 1/2-1/2


[Site "https://www.chess.com"]

[Event "Titled Tuesday Blitz January 31 Early 2023"]
[White "Mkrtchian, Lilit"]
[Black "Lauridsen, Jesper Morch"]
[WhiteFideId "13300601"]
[BlackFideId "1401890"]
[WhiteElo "2389"]
[BlackElo "2309"]
[Result "0-1"]
[Round "06"]
[TimeControl "180+2"]
[Date "2023.01.31"]
[WhiteClock "0:00:01"]
[BlackClock "0:00:13"]

1. Nf3 Nf6 2. g3 d5 3. Bg2 c5 4. O-O Nc6 5. d4 cxd4 6. Nxd4 e6 7. c4 Bc5 8. Nxc6 bxc6 9. Nc3 O-O 10. Qc2 Qe7 11. e4 Ba6 12. Na4 Bb6 13. b3 dxc4 14. bxc4 Qb4 15. Bg5 Qxc4 16. Qxc4 Bxc4 17. Rfc1 Bb5 18. Nxb6 axb6 19. e5 Nd5 20. Bd2 Rfc8 21. Be4 Ra4 22. Bxd5 exd5 23. Be3 d4 24. Bd2 Rca8 25. Rab1 Rxa2 26. Be1 d3 27. Rd1 Re2 28. f4 Raa2 29. Rdc1 Rg2+ 30. Kf1 d2+ 0-1


[Site "https://www.chess.com"]

[Event "Titled Tuesday Blitz January 31 Early 2023"]
[White "Cueto, Jonny"]
[Black "Heinemann, Josefine"]
[WhiteFideId "3300145"]
[BlackFideId "12900460"]
[WhiteElo "2122"]
[BlackElo "2289"]
[Result "0-1"]
[Round "06"]
[TimeControl "180+2"]
[Date "2023.01.31"]
[WhiteClock "0:00:03"]
[BlackClock "0:00:07"]

1. d4 d5 2. Bf4 Nf6 3. e3 c5 4. Nf3 Nc6 5. Nbd2 Qb6 6. dxc5 Qxb2 7. Rb1 Qc3 8. Bb5 g6 9. O-O Bg7 10. Nb3 O-O 11. Bxc6 bxc6 12. Be5 Qc4 13. Qd4 Qxd4 14. Nbxd4 Ba6 15. Rfc1 Rfc8 16. Nd2 Nd7 17. Bxg7 Kxg7 18. N2b3 e5 19. Nf3 f6 20. Nfd2 Rab8 21. c4 dxc4 22. Nxc4 Bxc4 23. Rxc4 Rd8 24. f4 exf4 25. exf4 Nf8 26. Re1 Re8 27. Rce4 Rxe4 28. Rxe4 Kf7 29. Ra4 Rb7 30. Ra6 Ne6 31. g3 Rc7 32. Kf2 Ng7 33. Ke3 Nf5+ 34. Kd3 h5 35. Kc4 Ne3+ 36. Kb4 Nd5+ 37. Kc4 Ke6 38. Na5 Kd7 39. Nb3 Rb7 40. Na5 Rc7 41. Nb3 Ne3+ 42. Kb4 Nf1 43. Na5 Nxh2 44. Kc4 Nf1 45. Nb3 Nxg3 46. Nd4 Ne4 47. Ra3 h4 48. f5 g5 49. Ne6 Rb7 50. Nf8+ Ke7 51. Ng6+ Kf7 52. Re3 Nd2+ 53. Kc3 Nb1+ 54. Kc2 a5 55. Re6 Na3+ 56. Kc3 Nb5+ 57. Kc2 Nd4+ 58. Kc3 Nxe6 0-1


[Site "https://www.chess.com"]

[Event "Titled Tuesday Blitz January 31 Early 2023"]
[White "Melikhov, Evgeny V."]
[Black "Dos Santos, Emmanuel"]
[WhiteFideId "4122046"]
[BlackFideId "2103559"]
[WhiteElo "2269"]
[BlackElo "2261"]
[Result "1/2-1/2"]
[Round "06"]
[TimeControl "180+2"]
[Date "2023.01.31"]
[WhiteClock "0:00:09"]
[BlackClock "0:00:11"]

1. d4 Nf6 2. c4 g6 3. Nc3 d5 4. cxd5 Nxd5 5. e4 Nxc3 6. bxc3 Bg7 7. Bc4 c5 8. Ne2 Nc6 9. Be3 O-O 10. h4 h5 11. O-O Bg4 12. f3 Bd7 13. Rc1 e6 14. Bg5 Qc7 15. Qd2 Kh7 16. Rfd1 Rac8 17. dxc5 Ne5 18. Bb3 Qxc5+ 19. Qe3 Qxe3+ 20. Bxe3 Bb5 21. Nd4 Bc4 22. Bxc4 Nxc4 23. Bf2 a6 24. Nb3 b5 25. Bd4 Rfd8 26. Bxg7 Kxg7 27. Kf2 Kf6 28. f4 Ke7 29. g3 Nb2 30. Rxd8 Rxd8 31. Ke2 Nc4 32. Nd4 Kd6 33. Rd1 Kc7 34. Nb3 Rxd1 35. Kxd1 Kc6 36. Ke2 a5 37. Kd3 a4 38. Nd4+ Kc5 39. Nc2 Nd6 40. Ne3 b4 41. cxb4+ Kxb4 42. Nc2+ Kb5 43. Ne3 Kb4 44. Nc2+ Kb5 45. Ne3 Kb4 1/2-1/2


[Site "https://www.chess.com"]

[Event "Titled Tuesday Blitz January 31 Early 2023"]
[White "SicilianPanzer"]
[Black "Buscar, Michael"]
[BlackFideId "2603616"]
[WhiteElo "2195"]
[BlackElo "2041"]
[Result "0-1"]
[Round "06"]
[TimeControl "180+2"]
[Date "2023.01.31"]
[WhiteClock "0:00:01"]
[BlackClock "0:00:10"]

1. d4 c5 2. d5 e6 3. e4 exd5 4. exd5 d6 5. Bd3 Nf6 6. Nf3 Be7 7. h3 Nbd7 8. c4 Nf8 9. O-O Ng6 10. Re1 O-O 11. Nbd2 Re8 12. Nf1 a6 13. a4 Bd7 14. a5 b5 15. axb6 Qxb6 16. Qc2 Bf8 17. Bd2 Rxe1 18. Rxe1 Re8 19. Rxe8 Nxe8 20. Ng3 Nc7 21. h4 Be7 22. h5 Nf8 23. Bf4 Bf6 24. b3 a5 25. Bf5 Be8 26. Ne4 Be7 27. Bh3 Na6 28. Qc3 Nb4 29. g4 Na2 30. Qb2 Nb4 31. Qc3 a4 32. bxa4 Bxa4 33. Neg5 Bc2 0-1


[Site "https://www.chess.com"]

[Event "Titled Tuesday Blitz January 31 Early 2023"]
[White "Ansh M Shah"]
[Black "Ivanova, Karina"]
[WhiteFideId "25033379"]
[BlackFideId "24139750"]
[WhiteElo "2171"]
[BlackElo "2085"]
[Result "1/2-1/2"]
[Round "06"]
[TimeControl "180+2"]
[Date "2023.01.31"]
[WhiteClock "0:01:03"]
[BlackClock "0:01:04"]

1. d4 Nf6 2. c4 e6 3. g3 Bb4+ 4. Nd2 c5 5. Bg2 O-O 6. a3 Bxd2+ 7. Qxd2 cxd4 8. Nf3 Nc6 9. Nxd4 d5 10. O-O Bd7 11. b4 a6 12. Bb2 Nxd4 13. Qxd4 Bc6 14. Rfd1 dxc4 15. Qxc4 Qe7 16. Bxc6 Rac8 17. b5 axb5 18. Bxf6 Qxf6 19. Qxb5 bxc6 20. Qc5 Qf5 21. Rdc1 Qxc5 22. Rxc5 Rfd8 23. a4 Rd7 24. Rb1 Ra7 25. a5 g6 26. Kg2 Rca8 27. Rxc6 Rxa5 28. Rb7 R5a7 29. Rcc7 Rxb7 30. Rxb7 h5 31. h3 Ra2 32. e3 Kg7 33. Kf3 Kf6 34. Rc7 Rb2 35. Ra7 Rc2 36. Ra5 Rc3 37. g4 hxg4+ 38. hxg4 g5 39. Ra4 Rb3 40. Ke4 Rb2 41. f4 gxf4 42. exf4 Re2+ 43. Kf3 Rb2 44. g5+ Kg6 45. Ra6 Kf5 46. Ra5+ Kg6 47. Kg4 Rg2+ 48. Kh4 Rh2+ 49. Kg3 Rb2 50. Ra7 Rb1 51. Ra6 Kf5 52. Ra5+ Kg6 1/2-1/2


[Site "https://www.chess.com"]

[Event "Titled Tuesday Blitz January 31 Early 2023"]
[White "Liu, Casper"]
[Black "Delorme, Alban"]
[WhiteFideId "1454153"]
[BlackFideId "623636"]
[WhiteElo "2278"]
[BlackElo "2298"]
[Result "1-0"]
[Round "06"]
[TimeControl "180+2"]
[Date "2023.01.31"]
[WhiteClock "0:01:09"]
[BlackClock "0:00:39"]

1. e4 c5 2. Nc3 Nc6 3. Nge2 g6 4. g3 Bg7 5. Bg2 d6 6. O-O Nf6 7. d3 O-O 8. f4 Rb8 9. h3 Qc7 10. g4 b5 11. Ng3 Nd4 12. g5 Nd7 13. Nd5 Qd8 14. c3 Nc6 15. f5 Nde5 16. d4 cxd4 17. cxd4 Nc4 18. f6 Bh8 19. b3 Nb6 20. fxe7 Nxe7 21. Nf6+ Bxf6 22. gxf6 Nc6 23. Qd2 Nd7 24. Qh6 Nxf6 25. Bg5 Ng4 26. hxg4 f6 27. Be3 Bxg4 28. e5 Rc8 29. exf6 d5 30. Qg7# 1-0


[Site "https://www.chess.com"]

[Event "Titled Tuesday Blitz January 31 Early 2023"]
[White "Kosakowski, Jakub"]
[Black "Mitrovic, Darko R"]
[WhiteFideId "1185080"]
[BlackFideId "927023"]
[WhiteElo "2485"]
[BlackElo "2220"]
[Result "1-0"]
[Round "06"]
[TimeControl "180+2"]
[Date "2023.01.31"]
[WhiteClock "0:00:58"]
[BlackClock "0:00:02"]

1. e4 e6 2. d4 d5 3. Nd2 Nf6 4. e5 Nfd7 5. Bd3 c5 6. c3 b6 7. Ne2 Ba6 8. Bxa6 Nxa6 9. O-O b5 10. f4 g6 11. Nf3 Be7 12. Be3 cxd4 13. cxd4 Rc8 14. Qd3 Qb6 15. a4 Nb4 16. Qxb5 Qxb5 17. axb5 Nc2 18. Rac1 O-O 19. Bd2 Nb6 20. Bc3 Ne3 21. Rfe1 h5 22. h3 h4 23. Kf2 Nf5 24. Ra1 Rc7 25. Ra6 Rb7 26. Rea1 Nc4 27. b3 Nce3 28. Rxa7 Rxb5 29. Rxe7 Nxe7 30. Kxe3 Nf5+ 31. Kd2 Rxb3 32. Nc1 Rb7 33. Nd3 Rfb8 34. Ng5 Rb1 35. Ra7 Rg1 36. Ne1 Rb1 37. Ke2 1-0


[Site "https://www.chess.com"]

[Event "Titled Tuesday Blitz January 31 Early 2023"]
[White "Florescu, Codrut-Constantin"]
[Black "Rosenberg, Evan S"]
[WhiteFideId "1202200"]
[BlackFideId "2019299"]
[WhiteElo "2259"]
[BlackElo "1956"]
[Result "1-0"]
[Round "06"]
[TimeControl "180+2"]
[Date "2023.01.31"]
[WhiteClock "0:01:10"]
[BlackClock "0:00:05"]

1. e4 e5 2. Nf3 Nc6 3. Bc4 Nf6 4. d3 h6 5. h3 Bc5 6. a3 d6 7. Be3 Bxe3 8. fxe3 Be6 9. Nbd2 O-O 10. O-O d5 11. exd5 Nxd5 12. Qe2 f5 13. Bxd5 Bxd5 14. e4 fxe4 15. Nxe4 Nd4 16. Nxd4 exd4 17. Rxf8+ Qxf8 18. Rf1 Qe8 19. Rf4 c5 20. Qg4 Bxe4 21. Rxe4 Qf7 22. Re5 b6 23. b4 cxb4 24. axb4 Rf8 25. Qxd4 Qf1+ 26. Kh2 Rf4 27. Re8+ Kh7 28. Qd8 Rf6 29. Rh8+ Kg6 30. Qe8+ Kg5 31. Qe3+ Kg6 32. Qg3+ Kf7 33. Ra8 Qf4 34. Rxa7+ Ke6 35. Rxg7 Qxg3+ 36. Rxg3 h5 37. Rg5 h4 38. Rg4 Rf2 39. c4 Rd2 40. Rxh4 Rxd3 41. Rh6+ Ke5 42. Rxb6 Kf4 43. c5 Rd2 44. c6 Rc2 45. b5 Ke5 46. Rb7 Kd6 47. c7 Rxc7 48. Rxc7 Kxc7 49. h4 1-0


[Site "https://www.chess.com"]

[Event "Titled Tuesday Blitz January 31 Early 2023"]
[White "Levitan, Caleb Levi"]
[Black "Petukhov, Dmitry"]
[WhiteFideId "14332620"]
[BlackFideId "4142748"]
[WhiteElo "2129"]
[BlackElo "2350"]
[Result "1-0"]
[Round "06"]
[TimeControl "180+2"]
[Date "2023.01.31"]
[WhiteClock "0:00:10"]
[BlackClock "0:01:09"]

1. e4 c5 2. Nf3 d6 3. d4 cxd4 4. Nxd4 Nf6 5. Nc3 Nc6 6. Bc4 e5 7. Nde2 Be6 8. Bb3 Be7 9. Bg5 O-O 10. Bxf6 Bxf6 11. O-O Bg5 12. Nd5 Ne7 13. Nec3 Rc8 14. Qd3 Kh8 15. Rad1 f5 16. Nxe7 Qxe7 17. Bxe6 Qxe6 18. exf5 Rxf5 19. Qxd6 Qxd6 20. Rxd6 e4 21. Nxe4 h6 22. Nxg5 Rxg5 23. c3 Rb5 24. Rd2 a5 25. Rfd1 Kh7 26. Kf1 a4 27. a3 Rc6 28. Re1 Rcb6 29. Ree2 Rc6 30. f3 Rcb6 31. Kf2 Rc6 32. h4 h5 33. Kg3 Kh6 34. Re4 Rg6+ 35. Kh3 Ra6 36. Rb4 Rxb4 37. cxb4 Rc6 38. Rd7 b6 39. Ra7 Rc2 40. Rxa4 Rxb2 41. Ra6 g6 42. Rxb6 Rb3 43. a4 Kh7 44. a5 Ra3 45. a6 Kh6 46. b5 Ra1 47. Rb7 g5 48. hxg5+ Kxg5 49. b6 h4 50. Kh2 Rxa6 51. Rg7+ Kh6 52. Rb7 Kg5 53. Rb8 Kh6 54. Kh3 Kg7 55. Kxh4 Ra2 56. g4 Rf2 57. b7 Rb2 58. f4 Kh7 59. f5 Rb6 60. Kg5 Rb5 61. Kh5 Kg7 62. g5 Kh7 63. g6+ Kg7 64. Kg5 Rc5 65. Rg8+ Kxg8 66. b8=Q+ Kg7 67. Qa7+ Kh8 68. Qh7# 1-0


[Site "https://www.chess.com"]

[Event "Titled Tuesday Blitz January 31 Early 2023"]
[White "Berezin, Viktor"]
[Black "Petrova, Irina"]
[WhiteFideId "14107872"]
[BlackFideId "14124122"]
[WhiteElo "2307"]
[BlackElo "2108"]
[Result "1-0"]
[Round "06"]
[TimeControl "180+2"]
[Date "2023.01.31"]
[WhiteClock "0:00:12"]
[BlackClock "0:00:06"]

1. d4 d6 2. g3 g6 3. Bg2 Bg7 4. Nf3 Nf6 5. O-O O-O 6. a4 d5 7. a5 a6 8. c4 c6 9. Nc3 Bf5 10. b3 Ne4 11. Bb2 Nxc3 12. Bxc3 Be4 13. Re1 Nd7 14. Bf1 c5 15. cxd5 Bxd5 16. e4 Bc6 17. Qd2 cxd4 18. Bxd4 Nf6 19. Qb2 Rc8 20. Rad1 Qxa5 21. Nd2 Rfd8 22. Nc4 Qh5 23. Bg2 Rxd4 24. Rxd4 Ng4 25. h3 Qc5 26. Red1 Bxd4 27. Qxd4 Qxd4 28. Rxd4 Nf6 29. e5 Bxg2 30. Kxg2 Ne8 31. Rd7 Rc7 32. Rd8 Kf8 33. Nb6 e6 34. Nc8 b5 35. Nd6 Re7 36. Ra8 h5 37. f4 a5 38. Nxb5 Kg7 39. Rxa5 Rb7 40. Kf3 Nc7 41. Nxc7 Rxc7 42. b4 Rc3+ 43. Kf2 Rb3 44. Rb5 h4 45. gxh4 Kh6 46. Rb7 Kh5 47. Rxf7 Rb2+ 48. Kf3 Rb3+ 49. Ke4 Rxb4+ 50. Kf3 Rb3+ 51. Kg2 Rb2+ 52. Kg1 Kxh4 53. Rf6 Rb1+ 54. Kf2 Rb2+ 55. Ke3 Rb3+ 56. Kd4 Kxh3 57. Rxg6 Rf3 58. Ke4 Ra3 59. Rxe6 Kg4 60. Rg6+ Kh5 61. Kf5 Rf3 62. Rg1 Kh6 63. e6 Re3 64. Kf6 Kh7 65. f5 1-0


[Site "https://www.chess.com"]

[Event "Titled Tuesday Blitz January 31 Early 2023"]
[White "Santos Flores, Alberto"]
[Black "Kalajzic, Ivan"]
[WhiteFideId "3601234"]
[BlackFideId "14506378"]
[WhiteElo "2164"]
[BlackElo "2062"]
[Result "1-0"]
[Round "06"]
[TimeControl "180+2"]
[Date "2023.01.31"]
[WhiteClock "0:00:20"]
[BlackClock "0:00:17"]

1. e4 g6 2. d4 Bg7 3. Nc3 d6 4. Be3 a6 5. Nf3 b5 6. Bd3 Bb7 7. Qd2 Nd7 8. d5 Ngf6 9. Nd4 O-O 10. f3 Ne5 11. h4 c5 12. dxc6 Nxc6 13. h5 Nxd4 14. Bxd4 e5 15. Be3 d5 16. exd5 Nxd5 17. Nxd5 Qxd5 18. Bh6 e4 19. hxg6 fxg6 20. Bxg7 exd3 21. Bxf8 Qe5+ 22. Kf1 Rxf8 23. Qxd3 Be4 24. Qe2 Qxb2 25. Re1 Bd5 26. Kg1 Qd4+ 27. Qf2 Qxf2+ 28. Kxf2 Bxa2 29. Ra1 Bc4 30. Rxa6 Rd8 31. Rc1 Rd2+ 32. Kg3 Kg7 33. c3 h5 34. Raa1 h4+ 35. Kh2 Be6 36. Rd1 Rc2 37. Rac1 Rb2 38. Rb1 Rc2 39. Rxb5 h3 40. Rg1 Rxc3 41. gxh3 Rxf3 42. Rg3 Rf2+ 43. Kg1 Ra2 44. Rbg5 Bf7 45. h4 Kf6 46. R5g4 Rb2 47. Rf4+ Ke7 48. Re3+ Kf8 49. Ref3 Rb7 50. Kh2 Kg7 51. Kg3 Bd5 52. Rd3 Be6 53. Re3 Rb3 54. Rxb3 Bxb3 55. Kg4 Bc2 56. Kg5 Bf5 57. h5 Bb1 58. h6+ Kg8 59. Rb4 Kf8 60. Rxb1 1-0


[Site "https://www.chess.com"]

[Event "Titled Tuesday Blitz January 31 Early 2023"]
[White "Papayan, Oleg"]
[Black "Martinez, Shawn"]
[WhiteFideId "4193911"]
[BlackFideId "2039770"]
[WhiteElo "2253"]
[BlackElo "1881"]
[Result "1/2-1/2"]
[Round "06"]
[TimeControl "180+2"]
[Date "2023.01.31"]
[WhiteClock "0:00:05"]
[BlackClock "0:00:20"]

1. d4 Nf6 2. Nf3 g6 3. Nc3 Bg7 4. e4 d6 5. h3 a6 6. a4 Nc6 7. d5 Ne5 8. Nxe5 dxe5 9. Bc4 O-O 10. O-O Ne8 11. Be3 Nd6 12. Ba2 f5 13. f3 Kh8 14. a5 f4 15. Bf2 g5 16. Na4 h5 17. c4 Rf6 18. c5 Nf7 19. c6 Nd6 20. cxb7 Nxb7 21. b4 Rg6 22. Bc5 g4 23. hxg4 hxg4 24. Kf2 Nd6 25. Rh1+ Kg8 26. Rh5 Bd7 27. Nb2 Qe8 28. Nd3 gxf3 29. gxf3 Rg3 30. Qh1 Nxe4+ 31. fxe4 Rxd3 32. d6+ e6 33. Rh8+ Bxh8 34. Rg1+ Rg3 35. Rxg3+ fxg3+ 36. Kxg3 Qg6+ 37. Kf3 Rf8+ 38. Ke2 Bb5+ 39. Kd2 Rf2+ 40. Bxf2 cxd6 41. Qg1 Kf7 42. Qxg6+ Kxg6 43. Bxe6 Bf6 44. Bf5+ Kf7 45. Kc3 Ke7 46. Bb6 Bh4 47. Bg4 Be1+ 48. Kb3 Bd3 49. Bc8 Bxe4 50. Bxa6 d5 51. Bc5+ Ke6 52. b5 d4 53. b6 Bd5+ 54. Bc4 Bxa5 55. b7 Bc7 56. Ba7 e4 57. Bxd5+ Kxd5 58. b8=Q Bxb8 59. Bxb8 e3 60. Ba7 Ke4 61. Kc2 d3+ 62. Kd1 Kf3 63. Bxe3 Kxe3 64. Ke1 d2+ 65. Kd1 Kd3 1/2-1/2


[Site "https://www.chess.com"]

[Event "Titled Tuesday Blitz January 31 Early 2023"]
[White "Schut, Han"]
[Black "Kleiman, Jake"]
[WhiteFideId "1005561"]
[BlackFideId "2020041"]
[WhiteElo "2101"]
[BlackElo "2399"]
[Result "0-1"]
[Round "06"]
[TimeControl "180+2"]
[Date "2023.01.31"]
[WhiteClock "0:00:10"]
[BlackClock "0:00:46"]

1. e4 Nf6 2. e5 Nd5 3. d4 d6 4. Nf3 dxe5 5. Nxe5 c6 6. Be2 g6 7. O-O Bg7 8. c4 Nc7 9. Nf3 O-O 10. Nc3 Bg4 11. Be3 Nd7 12. h3 Bxf3 13. Bxf3 f5 14. Qd2 e5 15. dxe5 Nxe5 16. Be2 Qxd2 17. Bxd2 Ne6 18. Rfe1 Nd4 19. Rac1 Nxe2+ 20. Rxe2 Nxc4 21. Bf4 Rfe8 22. b3 Nb6 23. Be3 Bxc3 24. Rxc3 f4 25. Bxb6 Rxe2 26. Bc5 Rxa2 27. Rd3 b6 28. Be7 Re2 29. Bg5 Re4 30. Rd7 a5 31. Bf6 Re6 32. Bb2 h5 33. Rg7+ Kf8 34. Rh7 Rd8 35. Rb7 c5 36. Rh7 Rd2 37. Bc3 Rd3 0-1


[Site "https://www.chess.com"]

[Event "Titled Tuesday Blitz January 31 Early 2023"]
[White "Manukian, Artak"]
[Black "Player, Edmund C"]
[WhiteFideId "13301373"]
[BlackFideId "406520"]
[WhiteElo "2196"]
[BlackElo "2204"]
[Result "1-0"]
[Round "06"]
[TimeControl "180+2"]
[Date "2023.01.31"]
[WhiteClock "0:00:12"]
[BlackClock "0:00:02"]

1. e4 e5 2. Nf3 Nc6 3. d4 exd4 4. Nxd4 Nf6 5. Nxc6 bxc6 6. e5 Ne4 7. Bd3 Nc5 8. O-O Nxd3 9. Qxd3 Be7 10. Nc3 d5 11. exd6 Qxd6 12. Qg3 O-O 13. Bf4 Qb4 14. Rab1 Bf5 15. Rfc1 Bd6 16. Bxd6 cxd6 17. a3 Qc5 18. Qe3 Qxe3 19. fxe3 Rfe8 20. Kf2 Re6 21. b4 Rae8 22. Nd1 Bg4 23. Rb3 Rf6+ 24. Kg3 Be2 25. c4 Re4 26. h3 Bxc4 27. Rbc3 d5 28. Nb2 Rfe6 29. Nxc4 Rxc4 30. Rxc4 dxc4 31. Kf3 Rf6+ 32. Ke2 Kf8 33. Rxc4 Ke7 34. Rc5 Kd6 35. Ra5 Rg6 36. g4 Rh6 37. Rxa7 Ke6 38. Rc7 Rxh3 39. Rxc6+ Kd5 40. Rc7 g6 41. a4 Ke4 42. Re7+ Kd5 43. b5 Kc5 44. Rxf7 Kb4 45. Rf4+ Ka5 46. Kd3 Rh2 47. Kd4 h5 48. gxh5 gxh5 49. Ke5 h4 50. e4 h3 51. Rh4 Rh1 52. Ke6 h2 53. e5 Re1 54. Rxh2 Kxa4 55. Rb2 Ka5 56. b6 Rh1 57. b7 Rh6+ 58. Kd5 Rh7 59. b8=Q 1-0


[Site "https://www.chess.com"]

[Event "Titled Tuesday Blitz January 31 Early 2023"]
[White "Liimatainen, Jero"]
[Black "Jovic, Stanoje"]
[WhiteFideId "509531"]
[BlackFideId "905020"]
[WhiteElo "1948"]
[BlackElo "2075"]
[Result "1-0"]
[Round "06"]
[TimeControl "180+2"]
[Date "2023.01.31"]
[WhiteClock "0:00:27"]
[BlackClock "0:00:03"]

1. e4 c6 2. d4 d5 3. e5 c5 4. dxc5 e6 5. a3 Bxc5 6. Qg4 Ne7 7. b4 Bb6 8. Bd3 O-O 9. Bb2 Nbc6 10. Nf3 Nf5 11. O-O Kh8 12. Nbd2 f6 13. exf6 gxf6 14. Bxf5 exf5 15. Qh4 Kg7 16. c4 Ne7 17. c5 Ng6 18. Qd4 Bc7 19. Rfe1 a5 20. Nb3 axb4 21. axb4 Rxa1 22. Bxa1 b6 23. cxb6 Bxb6 24. Nc5 Bxc5 25. bxc5 Rf7 26. h4 h5 27. Ng5 Rc7 28. Ne6+ Bxe6 29. Rxe6 Rf7 30. c6 Nf8 31. c7 Qxc7 32. Rxf6 Qc1+ 33. Kh2 1-0


[Site "https://www.chess.com"]

[Event "Titled Tuesday Blitz January 31 Early 2023"]
[White "Koridze, Lile"]
[Black "Seresin, Francesco"]
[WhiteFideId "13612514"]
[BlackFideId "886335"]
[WhiteElo "2191"]
[BlackElo "2348"]
[Result "0-1"]
[Round "06"]
[TimeControl "180+2"]
[Date "2023.01.31"]
[WhiteClock "0:00:42"]
[BlackClock "0:01:00"]

1. d4 d5 2. c4 e6 3. Nf3 Nf6 4. g3 Bb4+ 5. Bd2 Be7 6. Bg2 O-O 7. O-O c6 8. Nc3 b6 9. Qc2 Ba6 10. b3 Nbd7 11. Bf4 h6 12. e4 dxc4 13. bxc4 Bxc4 14. Rfe1 Ba6 15. Rad1 Bb7 16. Qb3 Re8 17. d5 cxd5 18. exd5 Nxd5 19. Be5 Nc5 20. Qb2 Bf6 21. Nxd5 Bxd5 22. Bd4 Bxd4 23. Rxd4 Qf6 24. Qd2 Rad8 25. Rd1 Rd7 26. Qe3 Red8 27. Ne5 Rd6 28. h4 Qe7 29. Ng6 Qc7 30. Bxd5 Rxd5 31. Nf4 Rxd4 32. Rxd4 Rxd4 33. Qxd4 e5 0-1


[Site "https://www.chess.com"]

[Event "Titled Tuesday Blitz January 31 Early 2023"]
[White "Zaichenko, Daria"]
[Black "Fernandez Garcia, Gumersindo"]
[WhiteFideId "4197453"]
[BlackFideId "24516740"]
[WhiteElo "2104"]
[BlackElo "2160"]
[Result "0-1"]
[Round "06"]
[TimeControl "180+2"]
[Date "2023.01.31"]
[WhiteClock "0:00:46"]
[BlackClock "0:00:23"]

1. e4 c5 2. Nf3 d6 3. d4 cxd4 4. Nxd4 Nf6 5. Nc3 a6 6. Be2 e5 7. Nb3 Be7 8. O-O O-O 9. a4 Be6 10. a5 Nc6 11. Be3 d5 12. Bb6 Qd7 13. exd5 Nxd5 14. Nxd5 Qxd5 15. Qxd5 Bxd5 16. c4 Be6 17. Nd2 Bd8 18. Bc5 Be7 19. Bxe7 Nxe7 20. b4 Rac8 21. Rfe1 Nc6 22. Rab1 Nd4 23. Bd3 f6 24. Re4 Rfd8 25. Re3 g6 26. Be4 Nc6 27. Nb3 Bxc4 28. Nc5 Nxb4 29. Nxb7 Rd4 30. f3 Nd5 31. Ree1 Nc3 32. Rbc1 Nxe4 33. Rxe4 Rxe4 34. fxe4 Be6 35. Rxc8+ Bxc8 36. Nd6 Bd7 37. Kf2 Kf8 38. Ke3 Ke7 39. Nc4 Bb5 40. Nb6 Kd6 41. Nd5 f5 42. Nf6 h6 43. exf5 gxf5 44. Ng8 f4+ 45. Kf3 Bc6+ 46. Kf2 h5 47. h4 Ke6 48. Nh6 Be4 49. g4 fxg3+ 50. Kxg3 Kf6 51. Kf2 Kg7 52. Ke3 Bg6 53. Ng8 Kxg8 0-1


[Site "https://www.chess.com"]

[Event "Titled Tuesday Blitz January 31 Early 2023"]
[White "Begunov, Konstantin"]
[Black "Martin, Lewis"]
[WhiteFideId "4118510"]
[BlackFideId "410551"]
[WhiteElo "2325"]
[BlackElo "2135"]
[Result "0-1"]
[Round "06"]
[TimeControl "180+2"]
[Date "2023.01.31"]
[WhiteClock "0:00:29"]
[BlackClock "0:00:48"]

1. d4 d5 2. c4 c6 3. Nc3 dxc4 4. e4 e5 5. dxe5 Qxd1+ 6. Kxd1 b5 7. a4 b4 8. Na2 Ba6 9. Bd2 c5 10. Nc1 Nc6 11. f4 f6 12. e6 f5 13. exf5 Nh6 14. b3 Nxf5 15. Bxc4 Bxc4 16. bxc4 O-O-O 17. Nb3 Ne3+ 18. Ke2 Nxc4 19. Nf3 g6 20. Rac1 Nxd2 21. Nfxd2 Rd5 22. Ne4 Be7 23. Nbxc5 Re8 24. Rhd1 Rxd1 25. Rxd1 Kc7 26. g4 Bxc5 27. Nxc5 Kb6 28. Rd6 Kxc5 29. Rd7 Rxe6+ 30. Kd3 Rd6+ 31. Rxd6 Kxd6 32. Kc4 a5 33. f5 Ne5+ 34. Kb5 b3 0-1


[Site "https://www.chess.com"]